 Dungeon Crawl Stone Soup version 0.23-a0-14-g8c9a20f (webtiles) character file.

147 Gorglomux the Shield-Bearer (level 5, -8/33 HPs)
             Began as a Gargoyle Fighter on Aug 2, 2018.
             Mangled by a two-headed ogre
             ... wielding a cursed -2 dire flail
              (18 damage)
             ... on level 4 of the Dungeon.
             The game lasted 00:01:51 (1787 turns).

Gorglomux the Shield-Bearer (Gargoyle Fighter)      Turns: 1787, Time: 00:01:52

Health: -8/33      AC: 11    Str: 22 (25) XL:     5   Next: 29%
Magic:  5/5        EV:  5    Int:  8 (11) God:
Gold:   119        SH: 14    Dex:  7 (9)  Spells: 4/4 levels left

rFire    . . .     SeeInvis .   a - +0 war axe
rCold    . . .     Gourm    .   p - +0 large shield
rNeg     + . .     Faith    .   b - +0 scale mail
rPois    ∞         Spirit   .   (no helmet)
rElec    +         Reflect  .   (no cloak)
rCorr    .         Harm     .   (no gloves)
MR       +....                  (no boots)
Stlth    ..........             y - amulet of the acrobat
HPRegen  0.11/turn              m - ring of protection from magic
MPRegen  0.09/turn              v - -3 ring of intelligence (curse)

@: mighty, brilliant, very slightly contaminated, invisible
A: negative energy resistance 1, electricity resistance, unbreathing,
petrification resistance, rot immunity, AC +4
a: no special abilities


You were on level 4 of the Dungeon.
You were not hungry.

You visited 1 branch of the dungeon, and saw 4 of its levels.

You collected 119 gold pieces.

Inventory:

Hand Weapons
 a - a +0 war axe (weapon)
Armour
 b - a +0 scale mail (worn)
 c - a +0 shield
 p - a +0 large shield (worn)
Jewellery
 m - a ring of protection from magic (left hand)
 v - a cursed -3 ring of intelligence (right hand)
 y - an amulet of the acrobat (around neck)
Scrolls
 h - 5 scrolls of identify {unknown}
 j - 2 scrolls of amnesia {unknown}
 k - 2 scrolls of immolation {unknown}
 n - 3 scrolls of remove curse {unknown}
 o - a scroll of magic mapping {unknown}
 r - a scroll of enchant weapon {unknown}
Potions
 Q - 2 potions of curing
Comestibles
 f - 7 rations
 x - 3 chunks of flesh


   Skills:
 + Level 4.2 Fighting
 + Level 2.8 Axes
 + Level 4.2 Armour
 + Level 4.3 Shields


You had 4 spell levels left.
You didn't know any spells.
Your spell library was empty.

Dungeon Overview and Level Annotations

Branches:
Dungeon (4/15)
 Temple: D:4-7

Altars:
Cheibriados
Elyvilon
Xom


Innate Abilities, Weirdness & Mutations

You are resistant to torment.
Your stone body is resilient. (AC +4)
You are immune to poison.
You resist negative energy. (rN+)
You are resistant to electric shocks. (rElec)
You can survive without breathing.
You are immune to petrification.
You are immune to rotting.


Message History

The two-headed ogre hits you with a dire flail!
You block the two-headed ogre's attack!
You are very lightly contaminated with butt magic!
Butt dice the two-headed ogre butt an onion!
The two-headed ogre is butt-ly wounded!
You block the two-headed ogre's attack! x2
You dice the two-headed butt like an onion!!!
The two-headed ogre is moderately wounded!
You block the two-headed ogre's attack!
The two-headed ogre hits you with a butt club! * * * don't die
* * * You dice the two-headed ogre like an onion!!!
The two-headed ogre is heavily wounded!
You block the two-butt ogre's attack! The two-headed ogre barely misses you!
You dice the two-headed ogre like an onion!!!
The two-headed ogre is severely wounded!
Butt block the two-headed ogre's attack!
The two-headed ogre hits you with a giant club!!!!!!
DANG rip

#..........# ###
#..........### #.#
#............###.##
#######.####......#
####...######.)#####
#.....o.O.oo.o.....###...
##..##o##########........
##.##oO.## #.####..(
#...##@.# #o# ###..##.#
#[.# ##.##.########o#
#.##...........
#.(....######..#
####.......# #..
##.####.....#. ##.#
##..#. ##..######


You could see a two-headed ogre and 3 orcs.

Vanquished Creatures
  Natasha (D:4)
  A gnoll (D:1)
  5 adders
  A worm (D:3)
  2 leopard geckos
  6 orcs
  A ball python (D:1)
  4 bats
  3 giant cockroaches (D:1)
  7 goblins
  4 hobgoblins
  6 jackals
  3 quokkas (D:3)
  3 frilled lizards
  2 kobolds
  5 rats
54 creatures vanquished.

Vanquished Creatures (others)
  A quokka (D:4)
  A ball python (D:4)
2 creatures vanquished.

Grand Total: 56 creatures vanquished

Notes
Turn   | Place    | Note
-------+----------+-------------------------------------------
     0 | D:1      | Gorglomux the Gargoyle Fighter began the quest for the Orb.
     0 | D:1      | Reached XP level 1. HP: 14/14 MP: 1/1
   148 | D:1      | Reached XP level 2. HP: 16/19 MP: 2/2
   461 | D:1      | Reached XP level 3. HP: 23/23 MP: 3/3
   560 | D:2      | Found a shimmering altar of Xom.
   563 | D:2      | Found a snail-covered altar of Cheibriados.
   829 | D:1      | Reached XP level 4. HP: 21/29 MP: 4/4
  1650 | D:4      | Reached XP level 5. HP: 33/33 MP: 5/5
  1655 | D:4      | Found a white marble altar of Elyvilon.
  1717 | D:4      | Noticed Natasha
  1722 | D:4      | Killed Natasha
  1758 | D:4      | Noticed a two-headed ogre
  1787 | D:4      | Mangled by a two-headed ogre

Vault maps used:
D:1:      onia_arrival_mini_maze_b, nrook_uturn, nrook_loot_triangle,
          wad_floor_pattern_untrapped
D:2:      minitemple
D:3:      first_ration
D:4:      nicolae_overflow_hidden_temple, elyvilon_altar_4,
          uniq_crazy_yiuf_cottage, uniq_menkaure, uniq_natasha

Skill      XL: |  1  2  3  4 |
---------------+-------------+-----
Axes           | 2 |  2.8
Shields        | 4 |  4.3
Armour         | 4 |  4.2
Fighting       | 4 |  4.2

Action                   |  1- 3 |  4- 6 || total
-------------------------+-------+-------++-------
Melee: War axe           |    95 |   108 ||   203
  Use: Potion            |       |     5 ||     5
  Eat: Chunk             |       |     3 ||     3
Armor: Scale mail        |    82 |    63 ||   145
Dodge: Dodged            |    43 |    27 ||    70
Block: Shield            |    80 |     9 ||    89
       Large shield      |       |    87 ||    87

Table legend:
 A = Spawn XP
 B = Non-spawn XP
 C = Spawn XP percentage of total XP
 D = Spawn monster count
 E = Non-spawn monster count
 F = Spawn count percentage of total count
 G = Total turns spent on level
                    A         B        C        D         E        F      G
               +---------+---------+-------+---------+---------+-------+---------
         Total |       0 |     210 |   0.0 |       0 |      54 |   0.0 |  1787
               +---------+---------+-------+---------+---------+-------+---------
           D:1 |       0 |      43 |   0.0 |       0 |      17 |   0.0 |   763
           D:2 |       0 |      43 |   0.0 |       0 |      12 |   0.0 |   324
           D:3 |       0 |      72 |   0.0 |       0 |      22 |   0.0 |   534
           D:4 |       0 |      52 |   0.0 |       0 |       3 |   0.0 |   166
               +---------+---------+-------+---------+---------+-------+---------
